 Dungeon Crawl Stone Soup version 0.18.1-6-gd335043 (webtiles) character file.

70 Kook the Firebug (level 4, -3/32 HPs)
             Began as a Demonspawn Fire Elementalist on May 19, 2016.
             Splashed by Ijyb's acid (12 damage)
             ... on level 2 of the Dungeon.
             The game lasted 00:04:31 (1758 turns).

Kook the Firebug (Demonspawn Fire Elementalist)     Turns: 1758, Time: 00:04:32

Health: -3/32      AC:  4    Str:  8    XL:     4   Next: 3%
Magic:  2/8        EV: 12    Int: 18    God:
Gold:   57         SH:  2    Dex: 13    Spells: 3 memorised, 2 levels left

rFire  . . .     SeeInvis .     g - +0 spear
rCold  . . .     Gourm    .     a - +0 robe
rNeg   . . .     Faith    .     (no shield)
rPois  .         Spirit   .     (no helmet)
rElec  .         Dismiss  .     (no cloak)
rCorr  .         Reflect  .     (no gloves)
SustAt .         Harm     .     (no boots)
MR     .....                    (no amulet)
Stlth  ++........               (no ring)
                                (no ring)

@: not resistant to hostile enchantments, unstealthy
A: hooves 1, large bone plates 1
a: no special abilities


You were on level 2 of the Dungeon.
You were not hungry.

You visited 1 branch of the dungeon, and saw 2 of its levels.

You collected 57 gold pieces.

Inventory:

Hand Weapons
 g - a +0 spear (weapon)
Armour
 a - a +0 robe (worn)
Scrolls
 e - a scroll of random uselessness {unknown}
 i - a scroll of enchant armour {unknown}
 j - 3 scrolls of identify {unknown}
 l - 2 scrolls of remove curse {unknown}
Potions
 f - a potion of might {unknown}
 h - a potion of haste {unknown}
 k - 2 potions of degeneration {unknown}
Books
 b - a book of Flames

   Spells                             Type                      Level
   a - Flame Tongue                   Conjuration/Fire             1
   b - Throw Flame                    Conjuration/Fire             2
   c - Conjure Flame                  Conjuration/Fire             3
   d - Inner Flame                    Hexes/Fire                   3
   e - Sticky Flame                   Conjuration/Fire             4
   f - Fireball                       Conjuration/Fire             5
Comestibles
 c - 2 bread rations
 d - a chunk of flesh


   Skills:
 * Level 1.6 Fighting
 + Level 0.5 Polearms
 - Level 1.7 Dodging
 - Level 1.7 Stealth
 * Level 2.6 Spellcasting
 * Level 1.9 Conjurations
 * Level 3.1 Fire Magic


You had 2 spell levels left.
You knew the following spells:

 Your Spells              Type           Power        Failure   Level  Hunger
a - Flame Tongue          Conj/Fire      ##...        8%          1    #......
b - Throw Flame           Conj/Fire      ##....       12%         2    ##.....
c - Conjure Flame         Conj/Fire      ##......     21%         3    ###....


Dungeon Overview and Level Annotations

Branches:
Dungeon (2/15)

Altars:

Annotations:
D:2 Ijyb


Innate Abilities, Weirdness & Mutations

You have large cloven feet.
You are partially covered in large bone plates (AC +2, SH +2).


Message History

Ijyb zaps a wand.
The bolt of acid misses you.
It is a wand of acid.
Casting: Flame Tongue
Confirm with . or Enter, or press ? or * to list all spells.
Aiming: Flame Tongue
Press: ? - help, Shift-Dir - straight line, f/p - Ijyb
Aim: Ijyb, wielding a dagger, wearing a leather armour and carrying a wand of acid {zapped: 1} (lightly wounded)
The flame tongue misses Ijyb.
The flame tongue hits the goblin.
The goblin is moderately wounded.
Ijyb hits you with a dagger.
Casting: Flame Tongue
Confirm with . or Enter, or press ? or * to list all spells.
Aiming: Flame Tongue
Press: ? - help, Shift-Dir - straight line, f/p - Ijyb
Aim: Ijyb, wielding a dagger, wearing a leather armour and carrying a wand of acid {zapped: 1} (lightly wounded)
The flame tongue hits Ijyb.
Ijyb appears unharmed.
Ijyb is lightly wounded.
Ijyb zaps a wand.
The bolt of acid hits you!
* * * LOW HITPOINT WARNING * * *
The acid burns!
You die...

.#...#
#.....[.#.#.#.#.##.#
..)#.#
#8...g.8#.#.#.#.##.#
...#.#
#....g..#.#.#.# #
...#.#
#8....g8#.#.#.#
...#.#
#.!.....#)#.#.#
...#.#
#........g....#
...#.#
##.######g#.###
...#.. #g# ...# #@#
...# #.# >..# #.#
#..# #.# ...### #.#
.....# #.# .....#
#.# .....# #.#
.....###########.#


You could see Ijyb and 2 goblins.

Vanquished Creatures
  3 adders (D:2)
  An ooze (D:1)
  2 giant geckos (D:1)
  A ball python (D:2)
  5 bats
  6 giant cockroaches
  4 goblins (D:2)
  4 hobgoblins (D:1)
  A kobold (D:1)
  A quokka (D:2)
  5 rats
33 creatures vanquished.

Notes
Turn   | Place    | Note
--------------------------------------------------------------
     0 | D:1      | Kook the Demonspawn Fire Elementalist began the quest for the Orb.
     0 | D:1      | Reached XP level 1. HP: 13/13 MP: 3/3
   282 | D:1      | Gained mutation: You have large cloven feet. [demonic ancestry]
   282 | D:1      | Reached XP level 2. HP: 20/20 MP: 1/5
   731 | D:1      | Reached skill level 1 in Fighting
  1161 | D:2      | Reached skill level 3 in Fire Magic
  1187 | D:2      | Gained mutation: You are partially covered in large bone plates (AC +2, SH +2). [demonic ancestry]
  1187 | D:2      | Reached XP level 3. HP: 22/26 MP: 0/6
  1246 | D:2      | Learned a level 2 spell: Throw Flame
  1250 | D:2      | Learned a level 3 spell: Conjure Flame
  1736 | D:2      | Noticed Ijyb
  1750 | D:2      | Reached XP level 4. HP: 23/32 MP: 7/7
  1758 | D:2      | Splashed by Ijyb's acid

Skill      XL: |  1  2 |
---------------+-------+-----
Fighting       | 1 |  1.6
Fire Magic     | 3 |  3.1
Polearms       | |  0.5
Dodging        | |  1.7
Stealth        | |  1.7
Spellcasting   | |  2.6
Conjurations   | |  1.9

Action                   |  1- 3 |  4- 6 || total
-------------------------+-------+-------++-------
Melee: Unarmed           |     8 |       ||     8
       Spear             |    25 |     3 ||    28
       Kick              |     7 |       ||     7
 Cast: Flame Tongue      |    49 |     5 ||    54
  Eat: Chunk             |     3 |       ||     3
Armor: Robe              |     9 |     4 ||    13
Dodge: Dodged            |    32 |     5 ||    37
